UAA
MERCER ISLAND SCREAMING EAGLES @ PHOENIX HOTSPUR YOUTH
05/23/2017
 
TOP OF THE 1ST
Mercer Island Screaming Eagles batting - Pitching for Phoenix Hotspur Youth : RHP Craig Fawsyde
Pitching: RHP Craig Fawsyde
Batting: RHB Jesús Orozco 0-0: Called Strike
0-1: Ball
1-1: Bunt missed!
1-2: Strikes out swinging
Batting: RHB Paul Houston 0-0: Called Strike
0-1: Ball
1-1: Foul Ball, location: 2F
1-2: Ball
2-2: Strikes out looking
Batting: RHB Anthony Johnston 0-0: Swinging Strike
0-1: Ball
1-1: Swinging Strike
1-2: Ball
2-2: Strikes out swinging
Top of the 1st over - 0 run(s), 0 hit(s), 0 error(s), 0 left on base; Mercer Island 0 - Phoenix Hotspur 0
BOTTOM OF THE 1ST
Phoenix Hotspur Youth batting - Pitching for Mercer Island Screaming Eagles : LHP Miguel Mora
Pitching: LHP Miguel Mora
Batting: RHB Alejandro Ibarra 0-0: Called Strike
0-1: Ball
1-1: Ball
2-1: Foul Ball, location: 2F
2-2: Strikes out looking
Batting: LHB Alberto Torres 0-0: Foul Ball, location: 2F
0-1: Ball
1-1: Ball
2-1: Ground out U3 (Groundball, 3)
Batting: RHB Phil Terry 0-0: Foul Ball, location: 2F
Single, Error in OF, E7, batter to second base
Batting: LHB Mike Pace 0-0: Ball
1-0: Ground out 4-3 (Groundball, 34)
Bottom of the 1st over - 0 run(s), 1 hit(s), 1 error(s), 1 left on base; Mercer Island 0 - Phoenix Hotspur 0
TOP OF THE 2ND
Mercer Island Screaming Eagles batting - Pitching for Phoenix Hotspur Youth : RHP Craig Fawsyde
Batting: RHB Luis Antonio Hernández 0-0: Foul Ball, location: 2F
0-1: Swinging Strike
0-2: Fly out, F6 (Popup, 6S)
Batting: LHB Ernie Zambrano 0-0: Swinging Strike
0-1: Fly out, F7 (Flyball, 7LMF)
Batting: RHB Cris López 0-0: Swinging Strike
0-1: Foul Ball, location: 2F
0-2: Ball
1-2: Strikes out swinging
Top of the 2nd over - 0 run(s), 0 hit(s), 0 error(s), 0 left on base; Mercer Island 0 - Phoenix Hotspur 0
BOTTOM OF THE 2ND
Phoenix Hotspur Youth batting - Pitching for Mercer Island Screaming Eagles : LHP Miguel Mora
Batting: RHB Paul Campbell 0-0: Called Strike
0-1: SINGLE (Line Drive, 8LS)
Batting: RHB Nick Reed 0-0: Ball
1-0: Called Strike
1-1: Fly out, F8 (Line Drive, 8LM)
Batting: LHB José Villarreal 0-0: Swinging Strike
0-1: Foul Ball, location: 2F
0-2: Foul Ball, location: 2F
0-2: Ball
1-2: Strikes out looking
Batting: LHB Dave Wynn 0-0: Foul Ball, location: 2F
0-1: Called Strike
0-2: Ball
1-2: Strikes out swinging
Bottom of the 2nd over - 0 run(s), 1 hit(s), 0 error(s), 1 left on base; Mercer Island 0 - Phoenix Hotspur 0
TOP OF THE 3RD
Mercer Island Screaming Eagles batting - Pitching for Phoenix Hotspur Youth : RHP Craig Fawsyde
Batting: RHB Michael Montgomery 0-0: Called Strike
0-1: Ball
1-1: Foul Ball, location: 2F
1-2: Foul Ball, location: 2F
1-2: Ball
2-2: Fly out, F2 (Popup, 2R)
Batting: LHB Raúl Andrade 0-0: SINGLE (Flyball, 7S)
Batting: RHB William Miles 0-0: Called Strike
0-1: Ball
1-1: Ball
2-1: Grounds into double play, 6-4-3 (Groundball, 6M)
Top of the 3rd over - 0 run(s), 1 hit(s), 0 error(s), 0 left on base; Mercer Island 0 - Phoenix Hotspur 0
BOTTOM OF THE 3RD
Phoenix Hotspur Youth batting - Pitching for Mercer Island Screaming Eagles : LHP Miguel Mora
Batting: SHB Jesús González 0-0: Called Strike
0-1: Ball
1-1: Foul Ball, location: 2F
1-2: Ball
2-2: Ground out 6-3 (Groundball, 6)
Batting: RHB Alejandro Ibarra 0-0: Ball
1-0: SINGLE (Line Drive, 8LS)
Batting: LHB Alberto Torres 0-0: Ball
1-0: Ball
2-0: Fly out, F7 (Flyball, 7S)
Batting: RHB Phil Terry 0-0: Ball
Pickoff Throw to First - Out!
Bottom of the 3rd over - 0 run(s), 1 hit(s), 0 error(s), 0 left on base; Mercer Island 0 - Phoenix Hotspur 0
TOP OF THE 4TH
Mercer Island Screaming Eagles batting - Pitching for Phoenix Hotspur Youth : RHP Craig Fawsyde
Batting: RHB Jesús Orozco 0-0: Ball
1-0: Swinging Strike
1-1: Ball
2-1: Foul Ball, location: 2F
2-2: Ball
3-2: Foul Ball, location: 2F
3-2: Base on Balls
Batting: RHB Paul Houston 0-0: Ball
1-0: Called Strike
1-1: Ball
Jesús Orozco steals 2nd base
2-1: Swinging Strike
2-2: Fly out, F8 (Line Drive, 8RM)
Batting: RHB Anthony Johnston 0-0: Called Strike
0-1: Swinging Strike
0-2: Foul Ball, location: 2F
0-2: Foul Ball, location: 2F
0-2: Foul Ball, location: 2F
0-2: Foul Ball, location: 2F
0-2: Strikes out swinging
Batting: RHB Luis Antonio Hernández 0-0: Foul Ball, location: 2F
0-1: Ball
1-1: Ball
2-1: Ground out 6-3 (Groundball, 6)
Top of the 4th over - 0 run(s), 0 hit(s), 0 error(s), 1 left on base; Mercer Island 0 - Phoenix Hotspur 0
BOTTOM OF THE 4TH
Phoenix Hotspur Youth batting - Pitching for Mercer Island Screaming Eagles : LHP Miguel Mora
Batting: RHB Phil Terry 0-0: Ball
1-0: Foul Ball, location: 2F
1-1: Hit by Pitch
Batting: LHB Mike Pace 0-0: Fly out, F8 (Flyball, 78M)
Batting: RHB Paul Campbell 0-0: Ball
1-0: Called Strike
1-1: Foul Ball, location: 2F
1-2: Ball
2-2: Ball
3-2: Foul Ball, location: 2F
3-2: Base on Balls
Phil Terry to second
Batting: RHB Nick Reed 0-0: Grounds into double play, 5-4-3 (Groundball, 56)
Bottom of the 4th over - 0 run(s), 0 hit(s), 0 error(s), 1 left on base; Mercer Island 0 - Phoenix Hotspur 0
TOP OF THE 5TH
Mercer Island Screaming Eagles batting - Pitching for Phoenix Hotspur Youth : RHP Craig Fawsyde
Batting: LHB Ernie Zambrano 0-0: Called Strike
0-1: Swinging Strike
0-2: Ball
1-2: Strikes out swinging
Batting: RHB Cris López 0-0: SINGLE (Groundball, 56D)
Batting: RHB Michael Montgomery 0-0: SINGLE (Line Drive, 78S)
Cris López to second
Batting: LHB Raúl Andrade 0-0: SINGLE (Line Drive, 56D)
Cris López to third
Michael Montgomery to second
Runner from 3rd tries for Home, SAFE, throw made home
Michael Montgomery to third
Raúl Andrade to second
Batting: RHB William Miles 0-0: Ball
1-0: Called Strike
1-1: Foul Ball, location: 2F
1-2: Fly out, F8 (Flyball, 8RM)
Runner from 3rd tags up, SCORES, no throw
Batting: RHB Jesús Orozco 0-0: Ball
1-0: Called Strike
1-1: Foul Ball, location: 2F
1-2: Ball
2-2: Foul Ball, location: 2F
2-2: Foul Ball, location: 2F
2-2: Foul Ball, location: 2F
2-2: SINGLE (Groundball, 4MD)
Raúl Andrade to third
Runner from 3rd tries for Home, SAFE, no throw or cutoff
Batting: RHB Paul Houston 0-0: Ball
Jesús Orozco is caught stealing 2nd base
Top of the 5th over - 3 run(s), 4 hit(s), 0 error(s), 0 left on base; Mercer Island 3 - Phoenix Hotspur 0
BOTTOM OF THE 5TH
Phoenix Hotspur Youth batting - Pitching for Mercer Island Screaming Eagles : LHP Miguel Mora
Batting: LHB José Villarreal 0-0: Called Strike
0-1: Foul Ball, location: 2F
0-2: Ball
1-2: Strikes out looking
Batting: LHB Dave Wynn 0-0: Ball
1-0: Called Strike
1-1: Called Strike
1-2: Foul Ball, location: 2F
1-2: Foul Ball, location: 2F
1-2: Ball
2-2: Foul Ball, location: 2F
2-2: Strikes out swinging
Batting: SHB Jesús González 0-0: Ball
1-0: Foul Ball, location: 2F
1-1: Ball
2-1: Foul Ball, location: 2F
2-2: SINGLE (Line Drive, 7LS)
Batting: RHB Alejandro Ibarra 0-0: Called Strike
0-1: Swinging Strike
0-2: Ball
1-2: Strikes out swinging
Bottom of the 5th over - 0 run(s), 1 hit(s), 0 error(s), 1 left on base; Mercer Island 3 - Phoenix Hotspur 0
TOP OF THE 6TH
Mercer Island Screaming Eagles batting - Pitching for Phoenix Hotspur Youth : RHP Craig Fawsyde
Batting: RHB Paul Houston 0-0: Ball
1-0: Swinging Strike
1-1: Called Strike
1-2: Fly out, F8 (Line Drive, 8LS)
Batting: RHB Anthony Johnston 0-0: Foul Ball, location: 2F
0-1: Ball
1-1: Swinging Strike
1-2: Foul Ball, location: 2F
1-2: Ball
2-2: Foul Ball, location: 2F
2-2: Ball
3-2: Strikes out swinging
Batting: RHB Luis Antonio Hernández 0-0: Ball
1-0: Ball
2-0: Called Strike
2-1: Foul Ball, location: 2F
2-2: Strikes out swinging
Top of the 6th over - 0 run(s), 0 hit(s), 0 error(s), 0 left on base; Mercer Island 3 - Phoenix Hotspur 0
BOTTOM OF THE 6TH
Phoenix Hotspur Youth batting - Pitching for Mercer Island Screaming Eagles : LHP Miguel Mora
Batting: LHB Alberto Torres 0-0: Fly out, F9 (Flyball, 89XD)
Batting: RHB Phil Terry 0-0: SINGLE (Line Drive, 34)
Batting: LHB Mike Pace 0-0: Called Strike
0-1: Called Strike
0-2: Strikes out swinging
Batting: RHB Paul Campbell 0-0: Ball
1-0: Foul Ball, location: 2F
1-1: DOUBLE (Groundball, 5L)
Phil Terry to third
Runner from 3rd tries for Home, throw and OUT!
Bottom of the 6th over - 0 run(s), 2 hit(s), 0 error(s), 1 left on base; Mercer Island 3 - Phoenix Hotspur 0
TOP OF THE 7TH
Mercer Island Screaming Eagles batting - Pitching for Phoenix Hotspur Youth : RHP Craig Fawsyde
Batting: LHB Ernie Zambrano 0-0: Called Strike
0-1: Ball
1-1: Ball
2-1: Ground out U3 (Groundball, 3S)
Batting: RHB Cris López 0-0: Ball
1-0: Ground out 4-3 (Groundball, 4)
Batting: RHB Michael Montgomery 0-0: Ball
1-0: Foul Ball, location: 2F
1-1: Called Strike
1-2: Foul Ball, location: 2F
1-2: Ball
2-2: Foul Ball, location: 2F
2-2: Ball
3-2: Foul Ball, location: 2F
3-2: SINGLE (Line Drive, 34)
Pitching: LHP César González
Batting: LHB Raúl Andrade 0-0: Foul Ball, location: 2F
0-1: Ball
1-1: Ball
2-1: Foul Ball, location: 2F
2-2: Ball
3-2: Base on Balls
Michael Montgomery to second
Pitching: LHP Corey Woods
Batting: RHB William Miles 0-0: DOUBLE (Flyball, 89D)
Michael Montgomery scores
Raúl Andrade to third
Runner from 3rd tries for Home, SAFE, no throw or cutoff
Batting: RHB Jesús Orozco 0-0: Fly out, F9 (Flyball, 9M)
Top of the 7th over - 2 run(s), 2 hit(s), 0 error(s), 1 left on base; Mercer Island 5 - Phoenix Hotspur 0
BOTTOM OF THE 7TH
Phoenix Hotspur Youth batting - Pitching for Mercer Island Screaming Eagles : LHP Miguel Mora
Now at C: Ramón Morales
Now in CF: Ron Gérard
Batting: RHB Nick Reed 0-0: Ball
1-0: Ball
2-0: Swinging Strike
2-1: Ball
3-1: Foul Ball, location: 2F
3-2: Strikes out swinging
Batting: LHB José Villarreal 0-0: Called Strike
0-1: Called Strike
0-2: SINGLE (Groundball, 34D)
Batting: LHB Dave Wynn 0-0: Called Strike
0-1: Ball
1-1: Called Strike
1-2: Fly out, F7 (Flyball, 7D)
Runner from 1st tags up, SAFE at 2nd
Batting: SHB Jesús González 0-0: Fly out, F9 (Flyball, 9LS)
Bottom of the 7th over - 0 run(s), 1 hit(s), 0 error(s), 1 left on base; Mercer Island 5 - Phoenix Hotspur 0
TOP OF THE 8TH
Mercer Island Screaming Eagles batting - Pitching for Phoenix Hotspur Youth : LHP Corey Woods
Batting: RHB Paul Houston 0-0: SINGLE (Flyball, 8RS)
Batting: RHB Anthony Johnston 0-0: Called Strike
0-1: SINGLE (Flyball, 7LM)
Paul Houston to second
Batting: RHB Ron Gérard 0-0: Called Strike
0-1: Foul Ball, location: 2F
0-2: Fly out, F6 (Popup, 4MS)
Batting: LHB Ernie Zambrano 0-0: Ball
1-0: Fielders Choice at 2nd, 1-6 (Groundball, 23)
Paul Houston to third
Batting: RHB Cris López 0-0: Ball
1-0: Called Strike
1-1: Called Strike
1-2: Strikes out swinging
Top of the 8th over - 0 run(s), 2 hit(s), 0 error(s), 2 left on base; Mercer Island 5 - Phoenix Hotspur 0
BOTTOM OF THE 8TH
Phoenix Hotspur Youth batting - Pitching for Mercer Island Screaming Eagles : LHP Miguel Mora
Batting: RHB Alejandro Ibarra 0-0: Ball
1-0: Bunted foul
1-1: Ball
2-1: Foul Ball, location: 2F
2-2: Strikes out swinging
Batting: LHB Alberto Torres 0-0: Called Strike
0-1: Fly out, F9 (Flyball, 89D)
Batting: RHB Phil Terry 0-0: Ball
1-0: Fly out, F8 (Flyball, 8LM)
Bottom of the 8th over - 0 run(s), 0 hit(s), 0 error(s), 0 left on base; Mercer Island 5 - Phoenix Hotspur 0
TOP OF THE 9TH
Mercer Island Screaming Eagles batting - Pitching for Phoenix Hotspur Youth : LHP Corey Woods
Pitching: RHP Jim Unknown
Batting: RHB Michael Montgomery 0-0: Called Strike
0-1: Foul Ball, location: 2F
0-2: Foul Ball, location: 2F
0-2: Foul Ball, location: 2F
0-2: Ground out 6-3 (Groundball, 6)
Pitching: LHP Ray Davis
Batting: SHB Ramón Morales 0-0: Ground out 4-3 (Groundball, 13)
Batting: RHB William Miles 0-0: Ball
1-0: Foul Ball, location: 2F
1-1: Swinging Strike
1-2: Foul Ball, location: 2F
1-2: Ball
2-2: Strikes out swinging
Top of the 9th over - 0 run(s), 0 hit(s), 0 error(s), 0 left on base; Mercer Island 5 - Phoenix Hotspur 0
BOTTOM OF THE 9TH
Phoenix Hotspur Youth batting - Pitching for Mercer Island Screaming Eagles : LHP Miguel Mora
Batting: LHB Mike Pace 0-0: Called Strike
0-1: Called Strike
0-2: Strikes out looking
Pitching: LHP José Guerrero
Batting: RHB Paul Campbell 0-0: Called Strike
0-1: Ball
1-1: Ball
2-1: Fly out, F8 (Line Drive, 8LS)
Batting: RHB Nick Reed 0-0: Ball
1-0: Called Strike
1-1: Called Strike
1-2: Ball
2-2: SINGLE (Line Drive, 89S)
Batting: LHB José Villarreal 0-0: Swinging Strike
0-1: Ball
1-1: Swinging Strike
1-2: Strikes out swinging
Bottom of the 9th over - 0 run(s), 1 hit(s), 0 error(s), 1 left on base; Mercer Island 5 - Phoenix Hotspur 0
This league is powered by Out of the Park Baseball, the baseball management simulation game for PC, Mac and Linux
Saturday, February 27th, 2021 - OOTP Baseball 15.6 Build 34